 Dungeon Crawl Stone Soup version 0.29-a0-330-g52719c12eb (webtiles) character file.

Game seed: 5492166175767317774

2662 dohliylev the Grappler (level 9, -11/87 HPs)
             Began as a Troll Warper on May 13, 2022.
             Was a Believer of Okawaru.
             Mangled by a kobold brigand
             ... wielding a +0 war axe
              (13 damage)
             ... in a bailey.
             The game lasted 00:13:38 (6045 turns).

dohliylev the Grappler (Troll Warper)               Turns: 6045, Time: 00:13:38

Health: -11/87     AC:  5    Str: 25    XL:     9   Next: 36%
Magic:  9/9        EV: 11    Int:  9    God:    Okawaru [**....]
Gold:   636        SH:  0    Dex:  9    Spells: 5/10 levels left

rFire   . . .      SeeInvis .     - Unarmed
rCold   . . .      Faith    +   (no shield)
rNeg    . . .      Spirit   .   a - +0 robe
rPois   .          Reflect  .   (helmet restricted)
rElec   .          Harm     .   t - +0 cloak
rCorr   .          Rampage  .   (gloves unavailable)
Will    .....                   (boots unavailable)
Stlth   +.........              q - amulet of faith
HPRegen 1.04/turn               e - ring of flight
MPRegen 0.11/turn               (no ring)

@: flying
A: large, unfitting armour, claws 3, regeneration 1, shaggy fur 1, tough skin 1
a: Renounce Religion, Heroism


You were in a bailey.
You worshipped Okawaru.
Okawaru was pleased with you.
You visited 2 branches of the dungeon, and saw 9 of its levels.
You also visited: Bailey.

You collected 636 gold pieces.

Inventory:

Missiles
 c - 6 boomerangs of dispersal
 v - 18 boomerangs (quivered)
Armour
 a - a +0 robe (worn)
 t - a +0 cloak (worn)
Jewellery
 e - a ring of flight (left claw)
 q - an amulet of faith (around neck)
Wands
 r - a wand of flame (14)
 w - a wand of acid (9)
 y - a wand of iceblast (8)
Scrolls
 b - 2 scrolls of blinking
 f - 4 scrolls of teleportation
 g - a scroll of magic mapping
 h - 2 scrolls of fog {unknown}
 i - 3 scrolls of summoning {unknown}
 k - a scroll of noise {unknown}
 m - a scroll of vulnerability {unknown}
 n - 6 scrolls of identify {unknown}
 o - 3 scrolls of fear {unknown}
 p - 2 scrolls of silence {unknown}
Potions
 d - 2 potions of lignification
 j - 5 potions of curing {unknown}
 l - 2 potions of might {unknown}
 s - 3 potions of heal wounds {unknown}
 u - a potion of invisibility {unknown}
 x - a potion of attraction {unknown}
 z - a potion of resistance {unknown}
 A - a potion of brilliance {unknown}


   Skills:
 + Level 4.9 Fighting
 + Level 1.0 Throwing
 + Level 7.1 Dodging
 - Level 8.0 Unarmed Combat
 + Level 1.3 Spellcasting
 + Level 2.6 Translocations
 + Level 0.8 Evocations


You had 5 spell levels left.
You knew the following spells:

 Your Spells              Type           Power      Damage    Failure   Level
a - Blink                 Tloc           10%        N/A       19%         2
b - Lesser Beckoning      Tloc           5%         N/A       36%         3

Your spell library contained the following spells:

 Spells                   Type           Power      Damage    Failure   Level
 Sandblast                Erth           0%         2d4       36%         1
 Gell's Gravitas          Tloc           5%         N/A       36%         3
 Teleport Other           Tloc           5%         N/A       36%         3
 Passwall                 Tmut/Erth      0%         N/A       50%         2
 Static Discharge         Conj/Air       0%         N/A       50%         2
 Sublimation of Blood     Necr           0%         N/A       50%         2
 Wereblood                Tmut           0%         N/A       50%         2
 Dazzling Flash           Conj/Hex       0%         N/A       73%         3
 Stone Arrow              Conj/Erth      0%         3d7       73%         3
 Dispel Undead            Necr           0%         3d6       98%         4
 Petrify                  Tmut/Erth      0%         N/A       98%         4
 Sticky Flame             Conj/Fire      0%         2d3       98%         4
 Manifold Assault         Tloc           5%         N/A       98%         5
 Agony                    Necr           0%         N/A       100%        5
 Irradiate                Conj/Tmut      0%         3d13      100%        5
 Silence                  Hex/Air        0%         N/A       100%        5
 Summon Hydra             Summ           Unusable   N/A       N/A         7

Dungeon Overview and Level Annotations

Branches:
Dungeon (8/15)             Temple (1/1) D:6          Bailey (1/1)
   Lair: D:8-11

Altars:
Ashenzari
Cheibriados
Dithmenos
Elyvilon
Fedhas
Gozag
Hepliaklqana
Kikubaaqudgha
Makhleb
Nemelex Xobeh
Okawaru
Qazlal
Ru
Sif Muna
Trog
Uskayaw
Vehumet
Wu Jian
Xom
Yredelemnul
Zin
The Shining One

Shops:
D:4 !

Annotations:
D:5 2 runed translucent doors, night's ghost, amateur DsWr


Innate Abilities, Weirdness & Mutations

You are too large for most types of armour.
You have claws for hands.
Your natural rate of healing is unusually fast.
You are covered in fur. (AC +1)
You have tough skin. (AC +1)


Message History

The kobold brigand is almost dead.
You feel sick.
The kobold brigand hits you with a +0 war axe!
* * * LOW HITPOINT WARNING * * *
The kobold brigand closely misses you.
You barely miss the kobold brigand. Your claw misses the kobold brigand.
The kobold brigand is almost dead.
You feel sick.
The kobold brigand barely misses you. x2
You barely miss the kobold brigand.
The kobold brigand is almost dead.
You feel sick.
The kobold brigand hits you with a +0 war axe.
* * * LOW HITPOINT WARNING * * *
The kobold brigand misses you.
You scratch the kobold brigand.
The kobold brigand is almost dead.
You feel sick.
The kobold brigand hits you with a +0 war axe!
* * * LOW HITPOINT WARNING * * *
The kobold brigand barely misses you.
Unknown command.
You barely miss the kobold brigand.
The kobold brigand is almost dead.
You feel sick.
You are no longer poisoned.
The kobold brigand hits you with a +0 war axe.
* * * LOW HITPOINT WARNING * * *
The kobold brigand closely misses you.
The kobold brigand attacks as you move away!
The kobold brigand barely misses you.
The kobold brigand attacks as you move away!
The kobold brigand barely misses you.
The kobold brigand attacks as you move away!
The kobold brigand closely misses you.
There is a gate leading back out of this place here.
The kobold brigand hits you with a +0 war axe!
* * * LOW HITPOINT WARNING * * *
The kobold brigand attacks as you move away!
The kobold brigand hits you with a +0 war axe!
You die...

...........
......K. ......
#... ###o###
##..o..##
#...8...#
#∩....KK#
##..).@##
####'''####
#≈.......≈##
#≈≈.......≈≈#####
..≈≈.......≈≈....#
##≈≈.......≈≈###.#
..≈≈.......≈≈....#
##≈≈.......≈≈###.#
.≈≈.......≈≈....#


You could see 2 orc warriors and 2 kobold brigands.

Vanquished Creatures
  An orc knight (Bailey)
  A hornet (shapeshifter) (D:8)
  2 wyverns (D:7)
  A water moccasin (D:5)
  An ice beast (D:5)
  3 ogres
  4 kobold brigands (Bailey)
  A bullfrog (D:7)
  2 scorpions
  A necrophage (D:5)
  A vampire bat (D:5)
  6 hounds
  8 orc wizards
  2 iguanas
  6 adders
  2 shadow imps
  A white imp (D:5)
  An ufetubus (D:7)
  3 worms
  4 dart slugs
  3 fire bats (D:5)
  18 orcs
  2 spectral bats (D:5)
  3 ball pythons
  17 bats
  3 bat skeletons (D:5)
  A bat zombie (D:5)
  4 endoplasms
  5 giant cockroaches
  10 goblins
  3 hobgoblins
  6 jackals
  19 kobolds
  3 quokkas
  A bat simulacrum (D:5)
  5 frilled lizards
  5 rats
159 creatures vanquished.

Vanquished Creatures (others)
  An orc wizard (D:4)
1 creature vanquished.

Grand Total: 160 creatures vanquished

Notes
Turn   | Place    | Note
-------+----------+-------------------------------------------
     0 | D:1      | dohliylev the Troll Warper began the quest for the Orb.
     0 | D:1      | Reached XP level 1. HP: 19/19 MP: 1/1
    81 | D:1      | Reached XP level 2. HP: 27/27 MP: 2/2
   666 | D:1      | Reached XP level 3. HP: 35/35 MP: 3/3
   971 | D:2      | Found a faded altar of an unknown god.
  1368 | D:3      | Reached skill level 3 in Unarmed Combat
  1368 | D:3      | Reached XP level 4. HP: 38/42 MP: 4/4
  1513 | D:3      | Found a burning altar of Makhleb.
  2032 | D:4      | Noticed a scorpion
  2046 | D:4      | Killed a scorpion
  2047 | D:4      | Reached XP level 5. HP: 38/49 MP: 5/5
  2292 | D:4      | Found Lozxol's Distillery.
  2313 | D:4      | Reached skill level 4 in Unarmed Combat
  2920 | D:5      | Entered Level 5 of the Dungeon
  2927 | D:5      | Reached XP level 6. HP: 50/59 MP: 6/6
  2999 | D:5      | Found a runed translucent door.
  3061 | D:5      | Found a runed translucent door.
  3068 | D:5      | Reached skill level 5 in Unarmed Combat
  3195 | D:5      | Noticed a water moccasin
  3205 | D:5      | Killed a water moccasin
  3206 | D:5      | Reached XP level 7. HP: 39/66 MP: 7/7
  3334 | D:5      | Reached skill level 6 in Unarmed Combat
  3537 | D:5      | Noticed night's ghost (amateur DsWr)
  3945 | D:6      | Reached XP level 8. HP: 22/75 MP: 8/8
  4001 | D:6      | Learned a level 2 spell: Blink
  4005 | D:6      | Learned a level 3 spell: Lesser Beckoning
  4315 | D:6      | Reached skill level 7 in Unarmed Combat
  4413 | D:6      | Reached skill level 5 in Dodging
  4552 | D:6      | Found a staircase to the Ecumenical Temple.
  4562 | Temple   | Entered the Ecumenical Temple
  4880 | Temple   | Became a worshipper of Warmaster Okawaru
  5385 | D:7      | Reached * piety under Okawaru
  5734 | D:8      | Noticed a hornet
  5736 | D:8      | Found a flagged portal.
  5737 | D:8      | Paralysed by a hornet for 2 turns
  5743 | D:8      | Killed a hornet
  5744 | D:8      | Reached skill level 1 in Throwing
  5744 | D:8      | Reached skill level 8 in Unarmed Combat
  5836 | Bailey   | Entered a bailey
  5869 | Bailey   | Reached ** piety under Okawaru
  5870 | Bailey   | Reached XP level 9. HP: 19/85 MP: 9/9
  5975 | Bailey   | Noticed an orc knight
  5985 | Bailey   | Killed an orc knight
  6044 | Bailey   | HP: 2/87 [kobold brigand/+0 war axe (7)]
  6045 | Bailey   | Mangled by a kobold brigand

Illustrated notes

Levels and vault maps discovered:
D:1:      pf_arrival_petrified_forest, layout_basic
D:2:      minmay_spotlight, layout_rooms, basic_ecumenical_altar, moated_statue
D:3:      layout_basic, mainiacjoe_overflow_brackets
D:4:      layout_basic, serial_shops, nicolae_stop_n_shop_1
D:5:      layout_cave_pools, ebering_ghost_sewer_f, goddamned_bats
D:6:      layout_loops_cross, minmay_temple_entry_statues_fountains
D:7:      layout_cave_pools, chequers_serial_rivers_micro_c
D:8:      layout_cave_pods, enter_bailey_3, uniq_psyche
Temple:   regret_index_temple_sigil_plot
Bailey:   bailey_axe_3, bailey

Skill      XL: |  1  2  3  4  5  6  7  8  9 |
---------------+----------------------------+-----
Dodging        | 2 3 4 6 7 |  7.1
Unarmed Combat | 3 4 5 6 8 |  8.0
Fighting       | 2 3 4 |  4.9
Throwing       | 1 |  1.0
Spellcasting   | |  1.3
Translocations | |  2.6
Evocations     | |  0.8

Action                   |  1- 3 |  4- 6 |  7- 9 || total
-------------------------+-------+-------+-------++-------
Melee: Unarmed           |   162 |   119 |   272 ||   553
       Punch             |       |     2 |     7 ||     9
Throw: Boomerang         |       |       |     1 ||     1
Invok: Heroism           |       |       |     1 ||     1
Evoke: Wand              |       |       |     3 ||     3
  Use: Scroll            |       |       |     2 ||     2
       Potion            |       |       |     1 ||     1
 Stab: Distracted        |     1 |       |       ||     1
Armor: Robe              |    65 |    25 |   143 ||   233
       Skin              |       |       |    66 ||    66
Dodge: Dodged            |   106 |    53 |   199 ||   358

Table legend: (Time is in decaauts)
 A = Elapsed time spent in this place.
 B = Non-inter-level travel time spent in this place.
 C = Inter-level travel time spent in this place.
 D = Time resting spent in this place.
 E = Time spent auto-exploring this place.
 F = Levels seen in this place.
 G = Mean time per level.
                   A        B        C        D        E       F      G
               +--------+--------+--------+--------+--------+-----+--------+
         Total |   5995 |   5713 |    282 |    511 |   3842 |  10 |  599.5 |
       Dungeon |   5441 |   5190 |    251 |    423 |   3581 |   8 |  680.1 |
        Temple |    353 |    322 |     31 |      0 |    238 |   1 |  353.0 |
        Bailey |    200 |    200 |      0 |     88 |     23 |   1 |  200.0 |
               +--------+--------+--------+--------+--------+-----+--------+

Top non-repeatable levels by time:
     D:5: 987 daAuts
     D:4: 987 daAuts
     D:6: 869 daAuts
     D:1: 726 daAuts
     D:3: 699 daAuts
     D:7: 531 daAuts
     D:2: 495 daAuts
  Temple: 353 daAuts
  Bailey: 200 daAuts
     D:8: 144 daAuts
